[Event "Romanian Championship 2024"]
[Site "Eforie Nord"]
[Date "2024.02.29"]
[Round "7.6"]
[White "Nevednichy, Vladislav"]
[Black "Radu, David Cr."]
[Result "1-0"]
[ECO "C54"]
[WhiteElo "2451"]
[BlackElo "2142"]
[Annotator "TA"]
[PlyCount "71"]
[EventDate "2024.02.24"]
[EventType "swiss"]
[EventCountry "ROU"]
[SourceTitle "playchess.com"]
[Source "ChessBase"]
[SourceQuality "1"]
[TimeControl "40/5400+30:900+30"]

1. e4 e5 2. Bc4 Nf6 3. d3 Nc6 4. Nf3 Bc5 5. O-O d6 6. c3 a6 7. a4 h6 8. b4 Bb6 9. Re1 g5 10. a5 Ba7 11. Be3 {[%emt 0:00:04] White is slightly better.} Be6 (11... g4 $11 {remains equal.} 12. Nfd2 Bxe3 13. Rxe3 h5) 12. Bxa7 $16 {[%emt 0:19:36] [#] Strongly threatening Bxe6.} Rxa7 13. Bxe6 fxe6 14. d4 Qe7 (14... g4 $142 15. Nh4 h5) 15. dxe5 dxe5 16. Nbd2 O-O 17. Nc4 Nd7 18. h3 Qg7 19. Re3 Raa8 20. Ra2 Rf7 21. Rd2 Kh7 22. Nh2 {[%emt 0:02:50] White is more active.} Nf8 23. Rf3 Re8 (23... Re7 $16 {was called for.} 24. Ng4 Kh8) 24. Rxf7 $18 Qxf7 25. Rd3 Qf4 $2 (25... Qg7 $16 {is more resistant.} 26. Ng4 Re7) 26. Ng4 Kg7 27. Qe1 {[%emt 0:03:35] [#] Rf3 would now be deadly.} h5 28. g3 Qf7 29. Ngxe5 Nxe5 30. Nxe5 Qf6 31. Nd7 Nxd7 32. Rxd7+ Re7 33. e5 Qf7 34. Rxe7 Qxe7 35. Qe3 Qd8 $2 (35... c6 36. Qd2 Kh6) 36. Qf3 {[%emt 0:00:24][%csl LRb7,LRh5] White took control after the opening.   Weighted Error Value: White=0.23 (precise) /Black=0.57.  Loses game:     	---       	Black=1      Mistake:       	---       	Black=4      Inaccurate:     	White=3     	Black=1      OK:         	White=15    	Black=9      Best:        	White=1     	---} 1-0

[Event "Romanian Championship 2024"]
[Site "Eforie Nord"]
[Date "2024.02.29"]
[Round "7.7"]
[White "Magold, Filip"]
[Black "Tudor, Henry Edward"]
[Result "1-0"]
[ECO "A14"]
[WhiteElo "2400"]
[BlackElo "2239"]
[Annotator "TA"]
[PlyCount "63"]
[EventDate "2024.02.24"]
[EventType "swiss"]
[EventCountry "ROU"]
[SourceTitle "playchess.com"]
[Source "ChessBase"]
[SourceQuality "1"]
[TimeControl "40/5400+30:900+30"]

1. c4 Nf6 2. Nf3 e6 3. g3 d5 4. Bg2 Be7 5. O-O O-O 6. b3 d4 7. e3 c5 8. exd4 cxd4 9. d3 Nc6 10. Re1 Nd7 11. Na3 e5 12. Nc2 f6 13. a3 (13. Nh4 $14) 13... a5 14. Rb1 $1 Nc5 15. b4 axb4 16. axb4 Na4 {[%emt 0:00:06] ...Nc3 is the strong threat.} 17. Bd2 Bf5 $2 {[%emt 0:07:25] Black cannot hold the game after this.} ({Black should try} 17... Bg4 $14) 18. b5 $18 Nb8 {[%emt 0:22:17] [#]} 19. Nfxd4 $1 exd4 (19... Bc8 20. Nb3) 20. Bxb7 Ra7 21. Bd5+ Kh8 22. Nxd4 Bxd3 (22... Bd7 23. Ra1 Bc5) 23. Ne6 Qc8 24. Ra1 Bxc4 {[%emt 0:05:50] [#]} 25. Qg4 $1 Bb4 (25... Rg8 26. Bxc4) 26. Bxb4 Bxd5 27. Bxf8 Bxe6 28. Rxe6 {[%emt 0:02:02][%cal Oa1e1] Rae1! would kill now.} Qxf8 29. Rxa4 Rc7 30. Rae4 (30. Qe2 $142 Rc8 31. Ra7 Qg8 32. Qe4 h5 33. Ree7 h4 34. Rxg7 (34. Qxh4+ Qh7 $18) (34. gxh4 Nd7 $18) 34... Rc1+ 35. Kg2 h3+ 36. Kxh3 Qxg7 37. Qe8+ (37. Rxg7 Kxg7 38. Qe7+ Kg8 $18) 37... Kh7 38. b6 (38. Rxg7+ Kxg7 39. Qxb8 Re1 $18) (38. Qxb8 Kh6 $18)) 30... Rc1+ 31. Kg2 Rc8 32. Qe2 {[%emt 0:00:03] Weighted Error Value: White=0.07 (flawless) /Black=1.11.  Loses game:     	---       	Black=1      Mistake:       	White=1     	Black=1      Inaccurate:     	---       	Black=3      OK:         	White=4     	Black=3      Best:        	White=4     	Black=1      Strong:       	White=1     	---} 1-0

[Event "Romanian Championship 2024"]
[Site "Eforie Nord"]
[Date "2024.02.29"]
[Round "7.8"]
[White "Vilcu, Matei-Stefan"]
[Black "Prisacaru, Stefan-Emilian"]
[Result "1/2-1/2"]
[ECO "B33"]
[WhiteElo "2176"]
[BlackElo "2289"]
[Annotator "TA"]
[PlyCount "46"]
[EventDate "2024.02.24"]
[EventType "swiss"]
[EventCountry "ROU"]
[SourceTitle "playchess.com"]
[Source "ChessBase"]
[SourceQuality "1"]
[TimeControl "40/5400+30:900+30"]

1. e4 c5 2. Nf3 Nc6 3. d4 cxd4 4. Nxd4 Nf6 5. Nc3 h5 6. Nb3 e6 7. a3 Be7 8. Bf4 {[%emt 0:02:45] White is slightly better.} d6 9. Qd2 e5 10. Bg5 Be6 11. Bd3 Ng4 12. Bxe7 Qxe7 13. Nd5 Bxd5 14. exd5 Nb8 15. O-O Nd7 16. Rae1 O-O 17. f4 ({White should play} 17. c4 $14) 17... Nh6 (17... Qd8 $11 {remains equal.}) 18. Nd4 {[%emt 0:08:36] White is more active.} Nf6 19. Nf3 e4 20. Ng5 Qc7 21. Nxe4 Nxe4 22. Rxe4 Qb6+ 23. Qf2 (23. Qe3 $16 {And now Qxb6 would win.} Qxb2 24. Rb4) 23... Qxb2 {[%emt 0:00:57] Weighted Error Value: White=0.20 (precise) /Black=0.17 (very precise) .  Mistake:       	White=2     	Black=1      Inaccurate:     	White=1     	Black=1      OK:         	White=5     	Black=5      Best:        	---       	Black=1} 1/2-1/2

[Event "Romanian Championship 2024"]
[Site "Eforie Nord"]
[Date "2024.02.29"]
[Round "7.9"]
[White "Nastase, Robert-Paul"]
[Black "Bulmaga, Irina"]
[Result "0-1"]
[ECO "B43"]
[WhiteElo "2226"]
[BlackElo "2439"]
[Annotator "TA"]
[PlyCount "72"]
[EventDate "2024.02.24"]
[EventType "swiss"]
[EventCountry "ROU"]
[SourceTitle "playchess.com"]
[Source "ChessBase"]
[SourceQuality "1"]
[TimeControl "40/5400+30:900+30"]

1. e4 c5 2. Nc3 a6 3. g3 b5 4. Bg2 Bb7 5. Nge2 e6 6. O-O Qc7 7. d4 cxd4 8. Nxd4 Nc6 9. Re1 Nxd4 10. Qxd4 Nf6 {[%emt 0:09:02] [#] Prevents Nd5} 11. Nd5 Nxd5 (11... exd5 $11 12. exd5+ Kd8) 12. exd5 $18 Rg8 (12... Qc5 $142 13. Be3 Qxd4 14. Bxd4 Rc8) 13. Bf4 Qc8 14. h4 Qc5 15. Qd2 {[%emt 0:23:59] dxe6 is the strong threat.} Qc8 (15... d6 $142 16. dxe6 Bxg2) 16. Rad1 {[%emt 0:03:57][%cal Oc2c4] c4! would now be deadly.} Be7 17. Bg5 (17. Qe3 $142) 17... f6 18. d6 ({Better is} 18. dxe6 $18 dxe6 19. Bh3) 18... Bxg2 $14 19. Rxe6 $1 (19. Kxg2 fxg5 20. dxe7 gxh4 $16) 19... Qc6 $2 (19... dxe6 $14 20. d7+ (20. Kxg2 $2 {perishes.} Qc6+ 21. Kh2 Qxd6 $19) 20... Qxd7 21. Qxd7+ Kf7) 20. Rxe7+ $18 {[%emt 0:01:17] Black is weak on the dark squares} Kf8 {[%emt 0:01:15][%cal Og2h3] [#]} 21. f3 $1 Bh3 (21... Qxf3 22. Re3) 22. Kh2 $2 (22. Bxf6 {[%cal Od2g5] White wants to mate with Qg5!} Qxf3 23. Kh2) 22... Be6 {[%emt 0:00:33] [#]} 23. Bxf6 Re8 {[%emt 0:00:01][%cal Oc6f3] [#]} 24. Re1 $1 {[%emt 0:04:01][%cal Of6g7,Bd1e1,Be1e3,Be3d3][%mdl 32] Threatening mate with Bxg7+!} Rxe7 25. Bxe7+ Ke8 26. Re3 {[%emt 0:01:13] Threatens to win with Rc3.} Qd5 (26... Kf7 {is a better defense.} 27. a3 Qc5) 27. Rd3 Qf5 {[%emt 0:01:02] [#]} 28. g4 $1 Qe5+ 29. f4 Qe4 (29... Qxb2 30. Rc3 Kf7) 30. f5 $2 (30. Bg5 h6 31. Re3) 30... Bc4 31. Qe3 (31. Rd4 $18 {avoids the disaster.} Qe5+ 32. Kg2 Bxa2 33. Qf2) 31... Bxd3 $19 {[%emt 0:00:11] Black is clearly winning.} 32. Qxd3 Qxd3 (32... Qxg4 33. Bg5 Rf8 34. Qe3+ Kf7 35. Qe7+ Kg8 36. Qxd7 $19) 33. cxd3 Kf7 34. Kg3 Rc8 35. g5 Rc2 36. h5 Rxb2 {[%emt 0:00:28] Weighted Error Value: White=1.23/Black=0.58.  Loses game:     	---       	Black=2      Missed win:     	White=1     	---        Mistake:       	White=4     	Black=4      Inaccurate:     	White=2     	Black=3      OK:         	White=5     	Black=8      Best:        	White=1     	Black=6      Strong:       	White=2     	---} 0-1

[Event "Romanian Championship 2024"]
[Site "Eforie Nord"]
[Date "2024.02.29"]
[Round "7.10"]
[White "Stoleriu, George"]
[Black "Daianu, Cristian-Clement"]
[Result "1/2-1/2"]
[ECO "B90"]
[WhiteElo "2391"]
[BlackElo "2201"]
[Annotator "TA"]
[PlyCount "50"]
[EventDate "2024.02.24"]
[EventType "swiss"]
[EventCountry "ROU"]
[SourceTitle "playchess.com"]
[Source "ChessBase"]
[SourceQuality "1"]
[TimeControl "40/5400+30:900+30"]

1. e4 c5 2. Nf3 d6 3. d4 cxd4 4. Nxd4 Nf6 5. Nc3 a6 6. h3 g6 7. Be3 Bg7 8. Qd2 O-O 9. O-O-O {[%emt 0:02:21] White is slightly better.} Nc6 10. f3 d5 11. exd5 Nxd5 12. Nxc6 bxc6 13. Nxd5 (13. Bd4 $1 $14) 13... cxd5 $11 14. Qxd5 Qc7 15. Qc5 (15. Qxa8 $5 Bf5 $8 16. Qxf8+ (16. Qxa6 $2 Qxc2#) 16... Kxf8 17. Rd2 $15) 15... Qb8 (15... Qg3 $1 $11) 16. Qa3 {[%emt 0:08:59] Active counter play!} (16. Qxe7 $2 Qxb2+ (16... Bxb2+ $2 17. Kd2 $19) 17. Kd2 Bc3+ (17... Qxa2 $2 18. Bd3 $19) 18. Ke2 Qxc2+ (18... Qxa2 $2 19. Kf2 $19) 19. Rd2 Bxd2 $19) ({Better is} 16. c3 $1 $14) 16... Qg3 17. Rg1 (17. Qxe7 Bf5 18. Bd3 Rfe8 $19) 17... Rb8 18. c3 $1 Be6 19. Bd3 (19. Bxa6 $2 Ra8 20. Qa4 Bc8 $19) 19... Rfc8 20. Bc2 {[%emt 0:03:43] [#]} (20. Qa5 $11) 20... Rb5 $1 $17 21. Qxe7 (21. Rge1 $17 {might work better.}) 21... Qb8 $1 $19 22. Rd2 $2 (22. Qd6 Rxb2 (22... Bxa2 23. Qxb8 Rcxb8 24. Bf4 $16) 23. Qxb8 Rbxb8 24. Bd2 (24. Bf4 $2 Rb5 $19) 24... Bxa2 25. Rde1) 22... Bf8 (22... Bxa2 $2 23. Rgd1 Rf8 24. Rd8 $18) 23. Qf6 (23. Qa7 Rxb2 24. Qxb8 Rbxb8 $17) 23... Bg7 $1 {[%emt 0:01:11] Dodges Bd4} (23... Rxb2 24. Bd4) 24. Qe7 {[%emt 0:00:10] [#] Hoping for Rgd1.} (24. Qf4 Be5 (24... Bxa2 25. Qxb8 Rcxb8 26. Bd3 $16) 25. Qh4 Rxb2 $17) 24... Bf8 $2 (24... Bxa2 $2 {perishes.} 25. Rgd1 Rf8 26. Rd8 $18) (24... Rxb2 $19 25. Ba7 Qf4) 25. Qf6 $11 ({But not} 25. Qa7 Rxb2 26. Qxb8 Rbxb8 $17) 25... Bg7 $1 {[%emt 0:00:23] Prevents Bd4.   Weighted Error Value: White=0.41/Black=0.57.  Missed win:     	---       	Black=1      Mistake:       	White=5     	Black=1      OK:         	White=5     	Black=6      Best:        	White=1     	---        Strong:       	White=1     	Black=4} (25... Rxb2 26. Bd4 Rxc2+ 27. Kxc2) 1/2-1/2

[Event "Romanian Championship 2024"]
[Site "Eforie Nord"]
[Date "2024.02.29"]
[Round "7.11"]
[White "Nastore, Pavel-Alexandru"]
[Black "Secheres, Adrian-Simion"]
[Result "1/2-1/2"]
[ECO "C79"]
[WhiteElo "2182"]
[BlackElo "2371"]
[Annotator "TA"]
[PlyCount "85"]
[EventDate "2024.02.24"]
[EventType "swiss"]
[EventCountry "ROU"]
[SourceTitle "playchess.com"]
[Source "ChessBase"]
[SourceQuality "1"]
[TimeControl "40/5400+30:900+30"]

1. e4 e5 2. Nf3 Nc6 3. Bb5 a6 4. Ba4 d6 5. c3 Bd7 6. d4 g6 7. O-O Bg7 8. Re1 b5 9. Bb3 Nf6 10. h3 O-O 11. Nbd2 Re8 12. Bc2 {[%emt 0:04:49] Weiß steht etwas besser.} Qb8 13. Nf1 Qb7 14. Ng3 Rad8 15. b3 a5 16. d5 Nb8 17. Bg5 Na6 18. Qd2 c6 19. c4 bxc4 20. bxc4 (20. Qxa5 $2 Nb4 (20... cxd5 21. bxc4 d4 22. Reb1 $17) 21. bxc4 Ra8 $19 (21... Nxc2 $2 22. Rab1 $19) (21... Nxc2 $2 22. Rab1 $19)) 20... cxd5 21. cxd5 Rc8 22. Rab1 Qa7 23. Be3 Nc5 24. Qc1 Qa6 25. Qa3 Bb5 26. Nh4 (26. Rb2 $11) 26... Bd3 $15 27. Bxd3 Nxd3 28. Rb6 Qc4 29. Rd1 Nf4 (29... Nb4 $1 $15) 30. Rc1 $11 (30. Qxd6 Nxe4 31. Nxe4 Ne2+ 32. Kh2 Qxe4 $19) 30... Ne2+ 31. Nxe2 Qxe2 32. Rbc6 (32. Qxd6 $2 {verliert.} Rxc1+ (32... Qxa2 33. Rxc8 Rxc8 34. Rb8 $11) (32... Nxe4 33. Qa3 $17) 33. Bxc1 Qd1+ (33... Qxe4 34. Nf3 $17) (33... Nxe4 $2 34. Qc6 $19) 34. Kh2 Qxc1 $19) 32... Rb8 33. Qxd6 (33. R6c4 $14 {ist überlegen.}) 33... Rbd8 {[%emt 0:01:45] [#]} (33... Nxe4 $11 {hält das Gleichgewicht.} 34. Qc7 Qd3) 34. Qc7 ({Günstiger ist} 34. Qa3 $1 $16) 34... Nxe4 35. d6 $132 {[%emt 0:00:17][%mdl 2048] Nf3 ist eine echte Drohung. Weiss leistet Widerstand. Das Brett brennt.} Qd3 36. Qxa5 (36. Nf3 {wäre vielleicht verwirrender.} Rxd6 37. Ng5 Rd7 38. Qb6) 36... Nxd6 37. Nf3 Nf5 38. Bb6 (38. R6c3 $11 {scheint genauer.} Qe4 39. Bd2) 38... Ra8 $15 39. Qc5 e4 $1 ({Viel schlechter ist} 39... Rxa2 $6 40. Rc8 Ra8 41. Rxa8 Rxa8 42. Nxe5 $11) 40. Ne1 Qd2 {[%emt 0:00:00][%cal Og7d4] [#] Weiss muss nun ...Bd4! beachten.} 41. Qc2 Qf4 (41... Rxa2 $17 42. Qxd2 Rxd2) 42. Rc4 Qg5 (42... Ra6 $15 43. Rc8 Qe5 44. Rxe8+ Qxe8) 43. Rxe4 {[%emt 0:01:46] Gewichteter Fehlerwert: Weiß=0.16 (sehr präzise) /Schwarz=0.13 (sehr präzise) .  Fehler:       	Weiß=4     	Schwarz=4     Ungenau:       	Weiß=1     	---        OK:         	Weiß=11    	Schwarz=12    Bester:       	Weiß=3     	Schwarz=3     Stark:        	---       	Schwarz=1} 1/2-1/2

[Event "Romanian Championship 2024"]
[Site "Eforie Nord"]
[Date "2024.02.29"]
[Round "7.12"]
[White "Melinte, Rares-Andrei"]
[Black "David, Alexandru-Vasile"]
[Result "1/2-1/2"]
[ECO "E01"]
[WhiteElo "1989"]
[BlackElo "2360"]
[Annotator "TA"]
[PlyCount "145"]
[EventDate "2024.02.24"]
[EventType "swiss"]
[EventCountry "ROU"]
[SourceTitle "playchess.com"]
[Source "ChessBase"]
[SourceQuality "1"]
[TimeControl "40/5400+30:900+30"]

1. d4 d5 2. c4 e6 3. Nf3 Nf6 4. g3 h6 5. Bg2 Bd6 6. Nc3 Nc6 7. O-O O-O 8. c5 {[%emt 0:02:29] Weiß steht etwas besser.} Be7 9. Rb1 Ne4 {[%emt 0:01:05] Wehrt b4 ab} 10. Ne1 f5 11. e3 (11. Na4 $11) 11... b6 $15 12. Nxe4 fxe4 13. b4 bxc5 $1 14. dxc5 Rb8 15. b5 a6 (15... Bxc5 16. Qc2 Qd6 17. bxc6 Rxb1 18. Qxb1 $15) 16. f3 exf3 (16... Bxc5 17. Qc2 (17. fxe4 Rxf1+ 18. Bxf1 axb5 $15) 17... Nb4 18. Qxc5 $14) 17. Nxf3 axb5 (17... Bxc5 $2 {geht unter.} 18. Qc2 Nb4 19. Qxc5 $18) 18. Bb2 (18. Nd4 $17 Bd7 19. Qc2) 18... Bxc5 $19 19. Qd3 Qe7 20. Rbc1 Nb4 21. Qb3 Na6 22. Ne5 Qg5 (22... Bd7 $15 23. Rxf8+ Rxf8) 23. Rxf8+ (23. Bd4 $1 $11) 23... Bxf8 $17 24. Rf1 Bb7 (24... Nc5 $17 25. Qc3 Bd6) 25. Qxb5 (25. Bd4 $11 {bleibt in der Remisbreite.} c5 26. Nf7) 25... Qxe3+ 26. Kh1 Nc5 {[%emt 0:00:06] Pariert Qd7. ...Ne4 ist eine echte Drohung.} 27. Nd7 {[%emt 0:06:20] [#]} Nxd7 (27... Ba6 $1 $17 28. Rxf8+ (28. Qxb8 $2 {zu gefräßig.} Nxd7 29. Qb3 Qxb3 $19) 28... Rxf8 29. Qxc5 Qxc5 30. Nxc5 Rb8) 28. Qxd7 $11 d4 {[%emt 0:00:04] Droht stark ...Bxg2+.} 29. Bxd4 (29. Bxb7 $5 Rxb7 30. Rxf8+ Kxf8 31. Qc8+ Kf7 32. Qxb7 $11) 29... Bxg2+ 30. Kxg2 Qe4+ (30... Qe2+ $5 31. Rf2 Qe4+ 32. Kh3 Qg6 $15) 31. Kh3 Qg6 32. Qxc7 Qh5+ 33. Kg2 Qd5+ 34. Kh3 Ra8 35. Qe5 (35. Qf7+ $11 Kh7 36. Qf3) 35... Qxe5 $15 (35... Qxa2 36. Ra1 Qc4 37. Rxa8 $11) 36. Bxe5 Rxa2 {[%emt 0:00:04][%mdl 4096] Endspiel. KRB-KRB} 37. Rc1 Re2 38. Bd4 e5 39. Bc5 Bxc5 40. Rxc5 $11 {[%emt 0:00:00] KR-KR} Kf7 41. g4 Kf6 42. Kg3 Re3+ 43. Kf2 Re4 44. Kf3 Rf4+ 45. Kg3 Ke6 46. h4 Rf7 47. Ra5 Rc7 48. h5 Rc3+ 49. Kf2 Rc6 50. Kf3 Kf6 51. Ra7 Rc3+ 52. Ke4 Rc4+ 53. Kf3 Rb4 54. Ra6+ Kg5 55. Rg6+ Kh4 {[%emt 0:00:05] Droht ...Rf4+ und aus.} 56. Rxg7 Rf4+ 57. Ke3 Rxg4 58. Re7 Rg5 59. Ke4 Rxh5 {[%emt 0:00:07] Weiss muss nun ...Rg5 beachten.} 60. Re6 Kh3 61. Rg6 Kh4 62. Ra6 (62. Rg1 $11 {hält das Gleichgewicht.}) 62... Kg5 $17 63. Kxe5 {[%emt 0:01:30] [#]} Rh4 ({Günstiger ist} 63... Rh3 $1 $17 ) 64. Ra8 $11 Rb4 65. Rg8+ Kh4 66. Rg1 Rg4 67. Rf1 h5 68. Kf5 Rg3 69. Rh1+ Rh3 70. Rxh3+ Kxh3 71. Kf4 {[%emt 0:00:07][%cal Bf5f4,Bf4g5,Bg5h4][%mdl 32] Die Stellung ist ausgeglichen.} Kg2 {[%emt 0:00:06] ( -> ...h4)} (71... h4 $5 72. Kf3 $8 Kh2 $11) 72. Kg5 h4 73. Kxh4 {[%emt 0:00:03] Gewichteter Fehlerwert: Weiß=0.18 (sehr präzise) /Schwarz=0.12 (sehr präzise) .  Gewinn verpasst:   	---       	Schwarz=1     Fehler:       	Weiß=6     	Schwarz=4     Ungenau:       	Weiß=3     	Schwarz=2     OK:         	Weiß=31    	Schwarz=14    Bester:       	Weiß=13    	Schwarz=4     Stark:        	---       	Schwarz=1} 1/2-1/2

[Event "Romanian Championship 2024"]
[Site "Eforie Nord"]
[Date "2024.02.29"]
[Round "7.13"]
[White "Maximov, Oleg"]
[Black "Antal, Hunor-Zoltan"]
[Result "1/2-1/2"]
[ECO "C00"]
[WhiteElo "2186"]
[BlackElo "2272"]
[Annotator "RC"]
[PlyCount "102"]
[EventDate "2024.02.24"]
[EventType "swiss"]
[EventCountry "ROU"]
[SourceTitle "playchess.com"]
[Source "ChessBase"]
[SourceQuality "1"]
[TimeControl "40/5400+30:900+30"]

1. e4 c5 2. Nf3 Nc6 3. d3 e6 4. g3 d5 5. Nbd2 Nf6 6. Bg2 Be7 7. O-O b6 8. exd5 Nxd5 9. Re1 O-O 10. Nc4 Bb7 11. c3 Bf6 12. a4 Qc7 13. a5 Ba6 14. axb6 axb6 15. Bg5 Rfd8 16. Bxf6 Nxf6 17. Nfe5 Nxe5 18. Nxe5 Bb7 19. Rxa8 Rxa8 20. Bxb7 Qxb7 21. Qf3 Qxf3 22. Nxf3 Ra2 23. Rb1 Nd5 24. d4 c4 25. Nd2 b5 26. Ne4 Kf8 27. b3 g5 28. bxc4 bxc4 29. Rb8+ Kg7 30. Rc8 Ra4 31. Kg2 g4 32. Nd6 Ra3 33. h3 h5 34. hxg4 hxg4 35. Rxc4 f5 36. Rc5 Nxc3 37. d5 Nxd5 38. Nxf5+ Kf6 39. Nd4 Ke5 40. Rc4 Ra2 41. Rc2 Rxc2 42. Nxc2 Ke4 43. Ne1 e5 44. f3+ Ke3 45. fxg4 e4 46. Kf1 Kd2 47. Ng2 e3 48. Nxe3 Nxe3+ 49. Kf2 Nxg4+ 50. Kf3 Ne3 51. g4 Nxg4 1/2-1/2

[Event "Romanian Championship 2024"]
[Site "Eforie Nord"]
[Date "2024.02.29"]
[Round "7.14"]
[White "Bonte, Andrei-Mihai"]
[Black "Costescu, Mihnea-Constantin"]
[Result "1-0"]
[ECO "D27"]
[WhiteElo "2266"]
[BlackElo "1944"]
[Annotator "TA"]
[PlyCount "57"]
[EventDate "2024.02.24"]
[EventType "swiss"]
[EventCountry "ROU"]
[SourceTitle "playchess.com"]
[Source "ChessBase"]
[SourceQuality "1"]
[TimeControl "40/5400+30:900+30"]

1. d4 d5 2. c4 dxc4 3. Nf3 Nf6 4. e3 e6 5. Bxc4 c5 6. O-O Nc6 7. dxc5 Qxd1 8. Rxd1 Bxc5 9. a3 a6 10. b4 Ba7 11. Bb2 b5 12. Be2 {[%emt 0:05:27] White is slightly better.} Bb7 13. Nbd2 O-O 14. Nb3 Rfd8 15. Rdc1 Rd5 (15... Ne4 $11) 16. Nfd2 $16 {[%emt 0:07:42] Strongly threatening Bxf6.} Nd8 17. Bf3 (17. a4 $142) 17... Rd7 18. Bxf6 gxf6 19. Ne4 Bxe4 20. Bxe4 Rb8 21. g4 Nb7 ({Black should try} 21... Rd6 22. Rc3 h6) 22. Rc6 Nd6 {[%emt 0:05:30] [#]} 23. Rd1 $1 $36 {[%emt 0:01:33][%cal Ba1d1,Bd1d7,Bd7d6][%mdl 2080] Black is under strong pressure.} Rb6 24. Nc5 {[%emt 0:08:22][%csl LRa6,LRd7] White has more active pieces.} Nxe4 $2 {[%emt 0:03:37] Loses the game.} (24... Rd8 $16 25. Nxa6 Kg7) 25. Rc8+ $18 {[%emt 0:00:22] White is clearly winning.} Kg7 26. Rxd7 Nd6 27. Rcd8 Bb8 {[%emt 0:00:44] [#]} 28. Rxb8 $1 Rxb8 29. Rxd6 {[%emt 0:00:06] Weighted Error Value: White=0.12 (very precise) /Black=0.29 (precise) .  Loses game:     	---       	Black=1      Mistake:       	White=1     	Black=2      Inaccurate:     	White=2     	Black=3      OK:         	White=8     	Black=5      Best:        	White=1     	Black=1      Strong:       	White=1     	---} 1-0

[Event "Romanian Championship 2024"]
[Site "Eforie Nord"]
[Date "2024.02.29"]
[Round "7.15"]
[White "Ciorgovean, Iustin"]
[Black "Prelipcean, Eric-Matei"]
[Result "1-0"]
[ECO "E32"]
[WhiteElo "2310"]
[BlackElo "2103"]
[Annotator "TA"]
[PlyCount "71"]
[EventDate "2024.02.24"]
[EventType "swiss"]
[EventCountry "ROU"]
[SourceTitle "playchess.com"]
[Source "ChessBase"]
[SourceQuality "1"]
[TimeControl "40/5400+30:900+30"]

1. d4 Nf6 2. c4 e6 3. Nc3 Bb4 4. Qc2 d6 5. e3 O-O 6. Bd3 Nbd7 7. Nge2 c5 8. O-O {[%emt 0:01:01] White is slightly better.} Bxc3 9. Nxc3 Qe7 10. Bd2 b6 11. d5 {[%emt 0:06:17] White is more active.} Ne5 12. Be2 Ba6 13. Qa4 Bb7 14. e4 a6 15. Qc2 b5 16. b3 b4 17. Na4 exd5 18. exd5 Ng6 19. Rfe1 Qe4 (19... Rae8 $11 {keeps the balance.}) 20. Qxe4 $16 Nxe4 21. Be3 Rae8 (21... a5 $16) 22. Bd3 f5 23. f3 Nf6 (23... Ne5 $16) 24. Bd2 Rxe1+ 25. Rxe1 (25. Bxe1 $6 Nd7 $16) 25... Nh5 26. Bc2 f4 27. Kf2 Rf7 28. Bc1 Re7 29. Rh1 Ne5 30. g4 fxg3+ 31. hxg3 g6 32. g4 Nf6 33. Bb2 Rf7 {[%emt 0:00:40] [#]} (33... Ned7 $16 34. Bc1 Ne5) 34. Kg3 (34. Bxe5 Nxg4+ 35. Kg3 Nxe5 $17) (34. Re1 $1 $18) 34... Nxf3 $2 {[%emt 0:01:14][%mdl 8192] [#]} 35. Bxf6 $1 $18 ({And not} 35. Kxf3 Nxd5+ 36. Kg3 Ne3 $19) 35... Nd2 (35... Rxf6 $142 36. Rf1 h5 37. gxh5 (37. Rxf3 Kg7 $18) 37... gxh5 38. Rxf3 h4+ 39. Kf2 (39. Kxh4 $2 {perishes.} Rxf3 40. Bg6 Kf8 $19) 39... Kg7) 36. g5 {[%emt 0:00:16] Weighted Error Value: White=0.12 (very precise) /Black=0.27 (precise) .  Loses game:     	---       	Black=1      Mistake:       	White=1     	Black=5      Inaccurate:     	White=1     	Black=1      OK:         	White=8     	Black=12     Best:        	White=1     	Black=1      Strong:       	White=1     	---} 1-0

[Event "Romanian Championship 2024"]
[Site "Eforie Nord"]
[Date "2024.02.29"]
[Round "7.16"]
[White "Voiteanu, Gabriel"]
[Black "Dodoi, Matei-Teodor"]
[Result "1-0"]
[ECO "D95"]
[WhiteElo "2151"]
[BlackElo "1947"]
[Annotator "RC"]
[PlyCount "77"]
[EventDate "2024.02.24"]
[EventType "swiss"]
[EventCountry "ROU"]
[SourceTitle "playchess.com"]
[Source "ChessBase"]
[SourceQuality "1"]
[TimeControl "40/5400+30:900+30"]

1. d4 Nf6 2. c4 g6 3. Nc3 d5 4. Nf3 Bg7 5. e3 O-O 6. Qb3 e6 7. Bd2 b6 8. cxd5 exd5 9. Be2 c5 10. dxc5 bxc5 11. Na4 Ne4 12. Rc1 d4 13. Nxc5 Nxd2 14. Nxd2 dxe3 15. fxe3 Nd7 16. Qd5 Rb8 17. b3 Qa5 18. O-O Nxc5 19. Rxc5 Qxa2 20. Rxf7 Rxf7 21. Bc4 Qa1+ 22. Nf1 Bb7 23. Qxf7+ Kh8 24. Qc7 Rf8 25. Qxb7 Bd4 26. Rc8 Bxe3+ 27. Kh1 Bc5 28. Rxf8+ Bxf8 29. Qf7 Qg7 30. Qd5 Be7 31. g3 Qf8 32. Kg2 Kg7 33. Nd2 Qf5 34. Qxf5 gxf5 35. Kf3 Kf6 36. Nf1 Bd6 37. Ne3 Kg5 38. Bd3 f4 39. gxf4+ 1-0